 Dungeon Crawl Stone Soup version 0.22-a0-833-g8522bf8 (webtiles) character file.

3097 Amnesiac the Thaumaturge (level 9, -11/57 HPs)
             Began as a Mummy Earth Elementalist on July 25, 2018.
             Mangled by an orc warrior
             ... wielding a +0 battleaxe
              (22 damage)
             ... on level 9 of the Dungeon.
             The game lasted 00:13:42 (6946 turns).

Amnesiac the Thaumaturge (Mummy Earth Elementalist) Turns: 6946, Time: 00:13:43

Health: -11/57     AC:  4    Str: 11    XL:     9   Next: 59%
Magic:  0/22       EV: 12    Int: 17    God:
Gold:   403        SH:  5    Dex: 13    Spells: 11/26 levels left

rFire    x . .     SeeInvis .   n - +2 hunting sling (flame)
rCold    + . .     Gourm    .   r - +0 buckler
rNeg     + + +     Faith    .   c - +0 robe
rPois    ∞         Spirit   +   (no helmet)
rElec    .         Reflect  .   j - scarf {Spirit}
rCorr    .         Harm     .   h - +0 pair of gloves
MR       +....                  v - +0 pair of boots (curse)
Stlth    ++........             (no amulet)
HPRegen  0.19/turn              (no ring)
MPRegen  0.18/turn              (no ring)

@: no status effects
A: no food or potions, fire vulnerability, cold resistance 1, negative energy
resistance 3, torment resistance, unbreathing
a: no special abilities


You were on level 9 of the Dungeon.
You were not hungry.

You visited 2 branches of the dungeon, and saw 10 of its levels.

You collected 403 gold pieces.

Inventory:

Hand Weapons
 a - a +2 mace of protection
 b - the +3 war axe of Mivostao {vamp, rElec rN+ Int-4}
   (You found it on level 5 of the Dungeon)

   It inflicts no extra harm, but heals its wielder when it wounds a living foe.
   It affects your intelligence (-4).
   It insulates you from electricity.
   It protects you from negative energy.
 n - a +2 hunting sling of flaming (weapon)
Missiles
 k - 15 stones (quivered)
Armour
 c - a +0 robe (worn)
 h - a +0 pair of gloves (worn)
 j - a scarf of spirit shield (worn)
 r - a +0 buckler (worn)
 v - a cursed +0 pair of boots (worn)
Magical Staves
 m - an uncursed staff of energy
Wands
 g - a wand of random effects (34)
 i - a wand of flame (9)
Scrolls
 d - 2 scrolls of noise {!r}
 e - a scroll of amnesia {!r}
 f - 3 scrolls of identify {!r}
 l - 2 scrolls of fear {!r}
 o - 4 scrolls of teleportation {!r}
 p - a scroll of remove curse {!r}
 t - a scroll of enchant armour {!r, unknown}
 u - a scroll of magic mapping {!r, unknown}


   Skills:
 - Level 1.5 Dodging
 - Level 1.5 Stealth
 - Level 4.0 Shields
 + Level 9.0 Spellcasting
 - Level 0.7 Transmutations
 * Level 9.0 Earth Magic


You had 11 spell levels left.
You knew the following spells:

 Your Spells              Type           Power        Failure   Level  Hunger
a - Sandblast             Erth           #####.       1%          1    N/A
b - Passwall              Tmut/Erth      ###.....     1%          2    N/A
c - Stone Arrow           Conj/Erth      ###...       4%          3    N/A
d - Lee's Rapid Deconstr  Erth           #####.....   6%          5    N/A
e - Petrify               Tmut/Erth      ###.....     13%         4    N/A

Your spell library contained the following spells:

 Spells                   Type           Power        Failure   Level  Hunger
 Vampiric Draining        Necr           #.........   28%         3    N/A
 Ozocubu's Refrigeration  Ice            #.........   100%        6    N/A
 Sublimation of Blood     Necr           #.........   14%         2    N/A
 Metabolic Englaciation   Hex/Ice        #.........   95%         5    N/A

Dungeon Overview and Level Annotations

Branches:
Dungeon (9/15)             Temple (1/1) D:6
   Lair: D:8-11         Orc: D:9-12

Altars:
Cheibriados
Elyvilon
Gozag
Hepliaklqana
Kikubaaqudgha
Makhleb
Nemelex Xobeh
Okawaru
Ru
Sif Muna
Trog
Uskayaw
Wu Jian
Xom
Yredelemnul
Zin

Annotations:
D:4 exclusion: downstairs
D:8 exclusion: door


Innate Abilities, Weirdness & Mutations

You do not eat or drink.
Your flesh is vulnerable to fire.
You are immune to poison.
Your flesh is cold resistant. (rC+)
You are immune to negative energy. (rN+++)
You are immune to unholy pain and torment.
You can survive without breathing.


Message History

You shoot a stone.
The stone hits the orc warrior but does no damage.
The orc warrior is moderately wounded.
Firing (i - inventory)
k - 24 stones (quivered)
Press: ? - help, Shift-Dir - straight line, f/p - orc warrior
Aim: an orc warrior, wielding a battleaxe and wearing a plate armour (moderately wounded, paralysed)
You shoot a stone.
The stone hits the orc warrior but does no damage.
The orc warrior is moderately wounded.
Firing (i - inventory)
k - 23 stones (quivered)
Press: ? - help, Shift-Dir - straight line, f/p - orc warrior
Aim: an orc warrior, wielding a battleaxe and wearing a plate armour (moderately wounded, paralysed)
You shoot a stone.
The stone hits the orc warrior but does no damage.
The orc warrior is moderately wounded.
Firing (i - inventory)
k - 22 stones (quivered)
Press: ? - help, Shift-Dir - straight line, f/p - orc warrior
Aim: an orc warrior, wielding a battleaxe and wearing a plate armour (moderately wounded, paralysed)
You shoot a stone. The stone hits the orc warrior.
The stone burns the orc warrior.
The orc warrior is heavily wounded.
Firing (i - inventory)
k - 21 stones (quivered)
Press: ? - help, Shift-Dir - straight line, f/p - orc warrior
Aim: an orc warrior, wielding a battleaxe and wearing a plate armour (heavily wounded, paralysed)
You shoot a stone. The stone hits the orc warrior.
The stone burns the orc warrior.
The orc warrior is heavily wounded.
Firing (i - inventory)
k - 20 stones (quivered)
Press: ? - help, Shift-Dir - straight line, f/p - orc warrior
Aim: an orc warrior, wielding a battleaxe and wearing a plate armour (heavily wounded, paralysed)
You shoot a stone. The stone hits the orc warrior.
The stone burns the orc warrior.
The orc warrior is severely wounded.
Firing (i - inventory)
k - 19 stones (quivered)
Press: ? - help, Shift-Dir - straight line, f/p - orc warrior
Aim: an orc warrior, wielding a battleaxe and wearing a plate armour (severely wounded, paralysed)
You shoot a stone. The stone hits the orc warrior.
The stone burns the orc warrior.
The orc warrior is almost dead.
Firing (i - inventory)
k - 18 stones (quivered)
Press: ? - help, Shift-Dir - straight line, f/p - orc warrior
Aim: an orc warrior, wielding a battleaxe and wearing a plate armour (almost dead, paralysed)
You shoot a stone. The stone hits the orc warrior.
The stone burns the orc warrior.
The orc warrior is almost dead.
Firing (i - inventory)
k - 17 stones (quivered)
Press: ? - help, Shift-Dir - straight line, f/p - orc warrior
Aim: an orc warrior, wielding a battleaxe and wearing a plate armour (almost dead, paralysed)
You shoot a stone. The stone hits the orc warrior.
The stone burns the orc warrior.
The orc warrior is almost dead.
The orc warrior is no longer paralysed.
The orc warrior hits you with a battleaxe!!
* * * LOW HITPOINT WARNING * * *
Casting: Lee's Rapid Deconstruction (safe; 6% risk of failure)
Confirm with . or Enter, or press ? or * to list all spells.
Aiming: Sandblast (safe; 1% risk of failure)
Press: ? - help, Shift-Dir - straight line, f/p - orc warrior
Aim: an orc warrior, wielding a battleaxe and wearing a plate armour (almost dead)
The blast of sand hits the orc warrior.
The orc warrior is almost dead.
k - 15 stones The orc warrior hits you with a battleaxe!!
You die...

.. .### ###. ## # .. .# .#.#
..... ... ... .. .#.#
####..#######.#.#. .###### ....
............#..... .#..... .#.#
#####.#.###.###.#.#.8oo... .#.#
.... #.# .......'oo.?.
.#.#####.####.########$.((8oo⌠..
..<..)...#......@o()(.)#<.#
.#######......########(...#
................... #....#
##########.#######. #####.#
..... .. o# ....#######[### o8
..........<[o..# .'
...........$...# .8.
#+###..............


You could see an orc warrior.

Vanquished Creatures
  Grinder (D:5)
  A hungry ghost (D:9)
  6 orc warriors
  2 sky beasts
  2 black bears
  A phantom (D:6)
  4 centaurs
  4 bullfrogs
  A big kobold (D:7)
  A wyvern skeleton (D:6)
  2 scorpions
  4 wights
  A howler monkey (D:4)
  3 crimson imps
  A bullfrog zombie (D:5)
  A jelly (D:7)
  5 orc priests
  3 hounds
  An iguana (D:4)
  4 orc wizards
  2 worker ants
  A howler monkey zombie (D:7)
  7 adders
  4 gnolls
  2 shadow imps
  2 oozes
  An adder skeleton (D:6)
  An adder zombie (D:6)
  A dart slug (D:5)
  3 leopard geckos
  19 orcs
  A giant cockroach (D:1)
  A goblin (D:1)
  2 hobgoblins
  9 jackals
  2 ball pythons
  A bat (D:3)
  2 frilled lizards (D:4)
  7 kobolds (D:7)
  A leopard gecko zombie (D:8)
  3 rats (D:1)
120 creatures vanquished.

Notes
Turn   | Place    | Note
-------+----------+-------------------------------------------
     0 | D:1      | Amnesiac the Mummy Earth Elementalist began the quest for the Orb.
     0 | D:1      | Reached XP level 1. HP: 13/13 MP: 4/4
   455 | D:2      | Found a white marble altar of Elyvilon.
   504 | D:3      | Reached XP level 2. HP: 10/19 MP: 0/6
   508 | D:3      | Learned a level 2 spell: Passwall
  1097 | D:5      | Entered Level 5 of the Dungeon
  1097 | D:5      | Noticed a centaur
  1206 | D:4      | Reached XP level 3. HP: 22/24 MP: 0/7
  1211 | D:4      | Learned a level 3 spell: Stone Arrow
  1423 | D:5      | Noticed a scorpion
  1477 | D:4      | Found a shimmering altar of Xom.
  1481 | D:4      | Reached XP level 4. HP: 30/30 MP: 4/9
  1539 | D:4      | Reached XP level 5. HP: 33/35 MP: 3/11
  1545 | D:4      | Learned a level 4 spell: Petrify
  2220 | D:3      | Reached XP level 6. HP: 29/41 MP: 6/13
  2756 | D:5      | Reached skill level 5 in Earth Magic
  2828 | D:5      | Reached skill level 5 in Spellcasting
  2949 | D:5      | Got a translucent war axe
  2950 | D:5      | Identified the cursed +3 war axe of Mivostao {vamp, rElec rN+ Int-4} (You found it on level 5 of the Dungeon)
  2987 | D:5      | Found a hazy altar of Hepliaklqana.
  3346 | D:5      | Found an ancient bone altar of Kikubaaqudgha.
  3519 | D:5      | Found a basalt altar of Yredelemnul.
  3564 | D:5      | Noticed Grinder
  3580 | D:5      | Killed Grinder
  3580 | D:5      | Reached skill level 1 in Shields
  3580 | D:5      | Reached XP level 7. HP: 34/46 MP: 4/15
  3785 | D:6      | Learned a level 5 spell: Lee's Rapid Deconstruction
  3858 | D:6      | Found a sparkling altar of Nemelex Xobeh.
  4133 | D:6      | Reached XP level 8. HP: 26/52 MP: 0/17
  4637 | D:6      | Found a staircase to the Ecumenical Temple.
  4649 | Temple   | Entered the Ecumenical Temple
  5282 | D:7      | Found a deep blue altar of Sif Muna.
  6085 | D:7      | Reached XP level 9. HP: 51/57 MP: 20/20
  6447 | D:8      | Identified Vasuysyum's Almanac of Dark Rituals and Snow
  6946 | D:9      | Mangled by an orc warrior

Vault maps used:
D:1:      minmay_arrival_three_doors
D:2:      nicolae_overflow_crystal_walls, nicolae_qazlal_eye_of_the_storm,
          lemuel_round_altar, nicolae_tso_carved_into_rock
D:3:      lemuel_crystal_altar, first_ration
D:4:      xom_butterflies, minivault_1
D:5:      lemuel_coloured_pillars_altar, nicolae_overflow_hidden_temple,
          old_standard_altar, uniq_grinder
D:6:      temple_statues, nemelex_xobeh_ov_fountains_minmay
D:7:      lemuel_blue_sif_altar
D:8:      lemuel_round_altar, grunt_lair_entry_orc_guard_hut, minivault_22,
          hangedman_ranch
D:9:      kennysheep_mini, david_orc_5, serial_shops, shop, enter_bailey_3
Temple:   cyrus_temple_forest

Skill      XL: |  1  2  3  4  5  6  7  8  9 |
---------------+----------------------------+-----
Spellcasting   | 3 4 5 6 7 9 |  9.0
Earth Magic    | 3 4 5 6 7 9 |  9.0
Shields        | 1 2 3 4 |  4.0
Dodging        | |  1.5
Stealth        | |  1.5
Transmutations | |  0.7

Action                   |  1- 3 |  4- 6 |  7- 9 || total
-------------------------+-------+-------+-------++-------
Melee: Unarmed           |    37 |       |       ||    37
       Dagger            |    34 |       |       ||    34
       War axe           |       |    31 |    16 ||    47
       Mace              |       |       |    37 ||    37
 Fire: Hunting sling     |       |       |   187 ||   187
 Cast: Sandblast         |    31 |    18 |    73 ||   122
       Passwall          |     1 |     2 |       ||     3
       Stone Arrow       |       |    31 |    13 ||    44
       Lee's Rapid Decon |       |       |    16 ||    16
Evoke: Wand              |       |     6 |     9 ||    15
  Use: Scroll            |     4 |       |     5 ||     9
 Stab: Sleeping          |     1 |     1 |       ||     2
Armor: Robe              |    23 |     7 |    43 ||    73
Dodge: Dodged            |    62 |    44 |   127 ||   233
Block: Buckler           |       |       |    57 ||    57

Table legend:
 A = Spawn XP
 B = Non-spawn XP
 C = Spawn XP percentage of total XP
 D = Spawn monster count
 E = Non-spawn monster count
 F = Spawn count percentage of total count
 G = Total turns spent on level
                    A         B        C        D         E        F      G
               +---------+---------+-------+---------+---------+-------+---------
         Total |       0 |    4425 |   0.0 |       0 |     120 |   0.0 |  6946
               +---------+---------+-------+---------+---------+-------+---------
           D:1 |       0 |       9 |   0.0 |       0 |       6 |   0.0 |   438
           D:3 |       0 |      44 |   0.0 |       0 |       5 |   0.0 |   528
           D:4 |       0 |     330 |   0.0 |       0 |      20 |   0.0 |  1709
           D:5 |       0 |     603 |   0.0 |       0 |      12 |   0.0 |  1064
           D:6 |       0 |     869 |   0.0 |       0 |      23 |   0.0 |  1283
           D:7 |       0 |     966 |   0.0 |       0 |      24 |   0.0 |  1259
           D:8 |       0 |     440 |   0.0 |       0 |      11 |   0.0 |   390
           D:9 |       0 |    1164 |   0.0 |       0 |      19 |   0.0 |   175
               +---------+---------+-------+---------+---------+-------+---------
